 Dungeon Crawl Stone Soup version 0.27-a0-660-g90476cec82 (webtiles) character file.

Game seed: 13194772452371510321

4326 wakim the Destroyer (level 10, -2/50 HPs)
             Began as a Tengu Air Elementalist on Mar 16, 2021.
             Was a Priest of Vehumet.
             Shot with an arrow by a centaur (10 damage)
             ... on level 8 of the Dungeon.
             The game lasted 00:47:43 (13300 turns).

wakim the Destroyer (Tengu Air Elementalist)       Turns: 13300, Time: 00:47:44

Health: -2/50      AC:  8    Str:  9    XL:     10   Next: 33%
Magic:  9/27       EV: 14    Int: 19    God:    Vehumet [***...]
Gold:   555        SH: 10    Dex: 14    Spells: 1/19 levels left

rFire    . . .     SeeInvis .   b - staff of air
rCold    . . .     Faith    .   g - +1 kite shield
rNeg     . . .     Spirit   .   s - +2 animal skin
rPois    .         Reflect  .   (helmet restricted)
rElec    +         Harm     .   t - +2 cloak
rCorr    .         Rampage  .   r - +0 pair of gloves
Will     +....                  (boots unavailable)
Stlth    +++.......             (no amulet)
HPRegen  0.16/turn              c - ring of willpower
MPRegen  0.20/turn              k - ring of magical power

@: flying quickly and evasively, quick
A: beak, talons 3, able to fly
a: Stop Flying, Renounce Religion


You were on level 8 of the Dungeon.
You worshipped Vehumet.
Vehumet was most pleased with you.
You visited 2 branches of the dungeon, and saw 9 of its levels.
You also visited: Sewer and Bailey.

You collected 555 gold pieces.

Inventory:

Hand Weapons
 a - a +6 flail
 n - a +0 rapier
 o - a +4 rapier of protection
 u - the +2 dagger of the Lair of Beasts {venom, +Rage Dex-4 SInv}
   (You found it on level 5 of the Dungeon)

   It poisons the flesh of those it strikes.
   It affects your dexterity (-4).
   It lets you see invisible.
   It lets you go berserk.
Missiles
 d - 31 poisoned darts
 m - 8 boomerangs of dispersal
 v - 43 boomerangs
Armour
 g - a +1 kite shield (worn)
 r - a +0 pair of gloves (worn)
 s - a +2 animal skin (worn)
 t - a +2 cloak (worn)
Magical Staves
 b - a staff of air (weapon)
 j - a staff of poison
Jewellery
 c - a ring of willpower (right hand)
 e - a ring of protection from fire
 i - a +6 ring of strength
 k - a ring of magical power (left hand)
 q - a ring of positive energy
Wands
 h - a wand of acid (8)
 p - a wand of paralysis (8)
Scrolls
 X - 3 scrolls of magic mapping {@r4}
 Y - 2 scrolls of teleportation {@r3}
Potions
 f - a potion of haste {unknown}
 B - 2 potions of brilliance
 G - 3 potions of ambrosia
 J - 7 potions of curing {@q1}
 N - 4 potions of heal wounds {@q2}
Miscellaneous
 l - a condenser vane


   Skills:
 - Level 5.0 Dodging
 - Level 5.0 Stealth
 * Level 6.1 Shields
 - Level 5.0 Spellcasting
 - Level 10.0 Conjurations
 + Level 4.9 Necromancy
 + Level 8.9 Air Magic


You had one spell level left.
You knew the following spells:

 Your Spells              Type           Power      Damage    Failure   Level
a - Shock                 Conj/Air       100%       1d9       1%          1
b - Static Discharge      Conj/Air       57%        N/A       1%          3
c - Lightning Bolt        Conj/Air       28%        1d45      6%          5
d - Vampiric Draining     Necr           11%        2d7       16%         3
r - Swiftness             Air            55%        N/A       1%          2
s - Airstrike             Air            27%        N/A       2%          4

Your spell library contained the following spells:

 Spells                   Type           Power      Damage    Failure   Level
 Dazzling Flash           Conj/Hex       46%        N/A       4%          3
 Animate Skeleton         Necr           46%        N/A       4%          1
 Pain                     Necr           92%        1d8       4%          1
 Mephitic Cloud           Conj/Pois/Air  43%        N/A       2%          3
 Conjure Flame            Conj/Fire      23%        6-21      4%          3
 Poisonous Vapours        Pois/Air       64%        N/A       10%         2
 Animate Dead             Necr           11%        N/A       45%         4
 Freezing Cloud           Conj/Ice/Air   21%        6-21      71%         6
 Agony                    Necr           23%        N/A       80%         5


Dungeon Overview and Level Annotations

Branches:
Dungeon (8/15)             Temple (1/1) D:4           Sewer (visited)
 Bailey (visited)
   Lair: D:8-11

Altars:
Cheibriados
Dithmenos
Elyvilon
Fedhas
Gozag
Hepliaklqana
Kikubaaqudgha
Makhleb
Nemelex Xobeh
Okawaru
Qazlal
Ru
Sif Muna
Trog
Uskayaw
Vehumet
Wu Jian
Xom
Yredelemnul
Zin
The Shining One

Shops:
D:7 =


Innate Abilities, Weirdness & Mutations

You have a beak for a mouth.
You have claws for feet.
You can fly continuously.


Message History

The bolt of lightning misses Erica.
The bolt of lightning misses the centaur.
You hear an angry buzzing noise. x5; You hear a shout!
Casting: Lightning Bolt (quite dangerous; 7% risk of failure)
Confirm with . or Enter, or press ? or * to list all spells.
The spell is quite dangerous to cast (7% risk of failure)!
Continue anyway?
Aiming: Lightning Bolt (quite dangerous; 7% risk of failure)
Press: ? - help, Shift-Dir - straight line, f/p - Erica
Aim: Erica, wielding a +0 scimitar of flaming and wearing a +0 robe (severely wounded, 40% to evade)
You feel a surge of power!
You hear a mighty clap of thunder!
The bolt of lightning hits Erica!
Erica is almost dead.
The bolt of lightning hits the centaur!!
You kill the centaur!
You feel your power returning.
You hear an angry buzzing noise.
Casting: Lightning Bolt (quite dangerous; 7% risk of failure)
Confirm with . or Enter, or press ? or * to list all spells.
You feel a surge of power!
Erica is struck by an arc of lightning!
You kill Erica!
You feel your power returning. You resist.
You are struck by an arc of lightning.
Your Shields skill increases to level 6!
A centaur comes into view.
The centaur wields a +0 shortbow.
The centaur shoots an arrow.
The arrow hits you!
* * * LOW HITPOINT WARNING * * *
The centaur shoots an arrow. a +0 giant spiked club; an ogre corpse You see here a leopard gecko corpse.
The centaur shoots an arrow.
You see here a +4 scale mail.
The centaur shoots an arrow.
The centaur shoots an arrow.
The centaur shoots an arrow.
The arrow hits you!
* * * LOW HITPOINT WARNING * * *
The centaur shoots an arrow.
The centaur shoots an arrow.
The arrow hits you!
You die...

..... ###... ####### ....#
...)..# ##c########..(#
......##########....))...#...#
...............#########)#...#
####.#########.#.....c.#c#...#
#.##### #.#@#####.#.....#
#.....# #.#.### #.#####.#
####.###.# #.#<..# #.....c.#
...#†# #.# #.#.###########.#
...#†# #.# #.#.........# #.#
.###.###.#
#.#########.###.####
#.##.##.## #.# #.#.......
##.....## #.# #.#.#.###<
##...## #.# #.#.#.# #.


You could see a centaur.

Vanquished Creatures
  Erica (D:8)
  2 orc knights (Bailey)
  5 orc warriors (Bailey)
  An ice beast (D:7)
  A sky beast (D:6)
  3 ogres
  2 centaurs
  2 kobold brigands
  3 bullfrogs (D:7)
  3 wights (D:7)
  4 howler monkeys
  2 bullfrog zombies (D:5)
  A centaur zombie (D:5)
  2 hounds
  4 orc priests
  A jelly (D:6)
  A bullfrog skeleton (D:5)
  Jessica (D:2)
  Crazy Yiuf (D:3)
  Natasha (thrice) (D:3)
  4 orc wizards
  5 worker ants
  A hound zombie (D:6)
  A hound skeleton (D:5)
  A howler monkey zombie (D:5)
  4 worker ant zombies (D:5)
  Robin (D:3)
  4 gnolls
  5 adders
  A river rat (Sewer)
  3 white imps
  An ooze (D:3)
  2 adder zombies (D:5)
  An adder skeleton (D:4)
  8 worms
  3 dart slugs
  8 leopard geckos
  16 orcs
  2 giant cockroaches
  16 goblins
  12 hobgoblins
  14 jackals
  5 quokkas
  10 bats
  3 frilled lizards
  A giant cockroach zombie (D:5)
  A jackal skeleton (D:5)
  28 kobolds
  A leopard gecko skeleton (D:6)
  2 leopard gecko zombies (D:5)
  A quokka zombie (D:5)
  13 rats
  A toadstool (D:1)
222 creatures vanquished.

Vanquished Creatures (others)
  3 toadstools (D:1)
  A withered plant (D:5)
4 creatures vanquished.

Grand Total: 226 creatures vanquished

Notes
Turn   | Place    | Note
-------+----------+-------------------------------------------
     0 | D:1      | wakim the Tengu Air Elementalist began the quest for the
                  | Orb.
     0 | D:1      | Reached XP level 1. HP: 10/10 MP: 4/4
   534 | D:1      | Reached skill level 2 in Conjurations
   534 | D:1      | Reached XP level 2. HP: 15/15 MP: 1/6
   953 | D:1      | Learned a level 2 spell: Swiftness
  1251 | D:2      | Found a stormy altar of Qazlal.
  1327 | D:2      | Reached XP level 3. HP: 15/19 MP: 3/7
  1475 | D:2      | Noticed Robin
  1486 | D:2      | Reached skill level 3 in Conjurations
  1493 | D:2      | Noticed Jessica
  1754 | D:1      | Learned a level 3 spell: Static Discharge
  2299 | D:2      | Reached skill level 5 in Air Magic
  2797 | D:2      | Found a sparkling altar of Nemelex Xobeh.
  2905 | D:2      | Reached XP level 4. HP: 24/24 MP: 8/8
  3121 | D:2      | Killed Jessica
  3425 | D:3      | Noticed Natasha
  3678 | D:3      | Killed Robin
  3894 | D:3      | Reached skill level 4 in Conjurations
  3921 | D:3      | Gained mutation: You can fly continuously. [Tengu growth]
  3921 | D:3      | Reached XP level 5. HP: 28/28 MP: 10/10
  4126 | D:3      | Found a runed translucent door.
  4127 | D:3      | Noticed Crazy Yiuf
  4136 | D:3      | Killed Crazy Yiuf
  4418 | D:3      | Killed Natasha
  4457 | D:3      | Noticed Natasha
  4463 | D:3      | Killed Natasha
  4571 | D:3      | Learned a level 4 spell: Airstrike
  4594 | D:3      | Reached skill level 5 in Conjurations
  4658 | D:3      | Noticed Natasha
  4660 | D:3      | Killed Natasha
  4661 | D:3      | Reached XP level 6. HP: 32/32 MP: 11/12
  4845 | D:3      | Found an iron altar of Okawaru.
  4983 | D:3      | Found an ancient bone altar of Kikubaaqudgha.
  4985 | D:3      | Found a snail-covered altar of Cheibriados.
  5728 | D:4      | Found a glowing drain.
  5732 | Sewer    | Entered a sewer
  5975 | Sewer    | Found a glowing silver altar of Zin.
  6112 | D:4      | Found a staircase to the Ecumenical Temple.
  6125 | D:4      | Reached XP level 7. HP: 25/36 MP: 5/14
  6290 | Temple   | Entered the Ecumenical Temple
  6461 | Temple   | Became a worshipper of Vehumet
  6655 | D:4      | Found a sparkling altar of Nemelex Xobeh.
  7303 | D:5      | Entered Level 5 of the Dungeon
  8093 | D:5      | Learned a level 5 spell: Lightning Bolt
  8114 | D:5      | Reached * piety under Vehumet
  8114 | D:5      | Offered knowledge of Magic Dart by Vehumet.
  8390 | D:5      | Reached skill level 5 in Spellcasting
  8390 | D:5      | Reached XP level 8. HP: 33/41 MP: 16/16
  8420 | D:5      | Reached skill level 5 in Dodging
  8635 | D:5      | Found a glowing golden altar of the Shining One.
  8896 | D:5      | Identified the +2 dagger of the Lair of Beasts {venom,
                  | +Rage Dex-4 SInv}
  8996 | D:5      | Reached skill level 5 in Stealth
  9677 | D:6      | Reached skill level 6 in Conjurations
  9767 | D:6      | Reached skill level 1 in Necromancy
  9843 | D:6      | Reached ** piety under Vehumet
  9843 | D:6      | Offered knowledge of Sandblast by Vehumet.
 10412 | D:7      | Reached skill level 1 in Shields
 10412 | D:7      | Reached skill level 7 in Conjurations
 10452 | D:7      | Found Etora's Jewellery Shoppe.
 10522 | D:7      | Found a flagged portal.
 10533 | Bailey   | Entered a bailey
 10600 | Bailey   | Noticed an orc knight
 10610 | Bailey   | Noticed an orc knight
 10790 | Bailey   | Killed an orc knight
 10791 | Bailey   | Reached skill level 8 in Conjurations
 10791 | Bailey   | Reached XP level 9. HP: 45/45 MP: 1/17
 11177 | Bailey   | Killed an orc knight
 11178 | Bailey   | Reached skill level 9 in Conjurations
 11245 | Bailey   | Offered knowledge of Dazzling Flash by Vehumet.
 12325 | D:7      | Reached skill level 5 in Shields
 12524 | D:7      | Reached XP level 10. HP: 45/50 MP: 18/18
 12747 | D:7      | Learned a level 3 spell: Vampiric Draining
 12884 | D:8      | Reached *** piety under Vehumet
 13198 | D:8      | Found a shadowy altar of Dithmenos.
 13259 | D:8      | Reached skill level 10 in Conjurations
 13267 | D:8      | Noticed Erica
 13278 | D:8      | Killed Erica
 13300 | D:8      | Shot with an arrow by a centaur

Illustrated notes

Levels and vault maps discovered:
D:1:      ldierk_water_garden, layout_loops_corners
D:2:      layout_basic, grunt_qazlal_sundering, lemuel_tele_altar, uniq_robin,
          uniq_jessica
D:3:      layout_loops_cross, okawaru_altar_gauntlet_db,
          nicolae_overflow_hidden_temple, uniq_crazy_yiuf_cottage, uniq_natasha
D:4:      layout_loops_ring, nicolae_overflow_crystal_walls,
          minmay_temple_entry_mini_moons, gup_sewer_entry_spiral
D:5:      layout_loops_corners, tso_metal_star, serial_undead, serial_undead_e,
          serial_undead_d, serial_undead_a, serial_undead_a
D:6:      layout_rooms
D:7:      layout_basic, enter_bailey_8, serial_shops, shop
D:8:      layout_basic, basic_altar, hex_intersection, uniq_erica, uniq_harold
Temple:   regret_index_temple_generic_petals

Skill      XL: |  1  2  3  4  5  6  7  8  9 10 |
---------------+-------------------------------+-----
Conjurations   | 2 3 4 5 8 9 10 | 10.0
Air Magic      | 5 6 7 8 |  8.9
Spellcasting   | 3 4 5 |  5.0
Dodging        | 3 4 5 |  5.0
Stealth        | 3 5 |  5.0
Necromancy     | 2 4 |  4.9
Shields        | 3 5 6 |  6.1

Action                   |  1- 3 |  4- 6 |  7- 9 | 10-12 || total
-------------------------+-------+-------+-------+-------++-------
Melee: Unarmed           |     2 |       |       |       ||     2
       Kick              |     3 |       |    13 |     1 ||    17
       Peck              |     1 |       |     7 |     2 ||    10
       Dagger            |    12 |     2 |    35 |       ||    49
       Short sword       |       |       |     2 |       ||     2
       Flail             |       |       |    10 |     1 ||    11
       Staff             |       |       |       |    12 ||    12
 Cast: Shock             |    70 |   107 |   162 |     7 ||   346
       Static Discharge  |     5 |    16 |    54 |     4 ||    79
       Swiftness         |     2 |       |     1 |       ||     3
       Airstrike         |       |     6 |    27 |       ||    33
       Lightning Bolt    |       |       |     4 |     6 ||    10
       Vampiric Draining |       |       |       |     2 ||     2
 Abil: Fly               |       |     1 |       |       ||     1
  Use: Scroll            |       |     9 |    10 |       ||    19
 Stab: Sleeping          |       |       |     1 |       ||     1
Armor: Robe              |     9 |       |       |       ||     9
       Animal skin       |       |     4 |    35 |     2 ||    41
Dodge: Dodged            |    31 |    15 |   109 |    19 ||   174
Block: Kite shield       |       |       |    13 |    15 ||    28

Table legend: (Time is in decaauts)
 A = Elapsed time spent in this place.
 B = Non-inter-level travel time spent in this place.
 C = Inter-level travel time spent in this place.
 D = Time resting spent in this place.
 E = Time spent auto-exploring this place.
 F = Levels seen in this place.
 G = Mean time per level.
                   A        B        C        D        E       F      G
               +--------+--------+--------+--------+--------+-----+--------+
         Total |  13011 |  12555 |    456 |    132 |  10348 |  11 | 1182.8 |
       Dungeon |  11208 |  10771 |    437 |      0 |   9094 |   8 | 1401.0 |
        Temple |    210 |    192 |     18 |      0 |    183 |   1 |  210.0 |
         Sewer |    335 |    335 |      0 |      0 |    279 |   1 |  335.0 |
        Bailey |   1258 |   1258 |      0 |    132 |    790 |   1 | 1258.0 |
               +--------+--------+--------+--------+--------+-----+--------+

Top non-repeatable levels by time:
     D:2: 2111 daAuts
     D:5: 2004 daAuts
     D:3: 1941 daAuts
     D:4: 1535 daAuts
     D:1: 1445 daAuts
  Bailey: 1258 daAuts
     D:7: 1101 daAuts
     D:6: 559 daAuts
     D:8: 509 daAuts
   Sewer: 335 daAuts
  Temple: 210 daAuts
